 Dungeon Crawl Stone Soup version 0.22-a0-571-g4a923d4 (webtiles) character file.

15719 iamserjio the Blocker (level 12, 0/76 HPs)
             Began as a Gargoyle Fighter on July 1, 2018.
             Was an Elder of Trog.
             Slain by a troll (5 damage)
             ... led by an orc high priest
             ... on level 1 of the Orcish Mines.
             The game lasted 00:35:03 (4363 turns).

iamserjio the Blocker (Gargoyle Fighter)            Turns: 4363, Time: 00:35:04

Health: 0/76       AC: 26    Str: 23    XL:     12   Next: 30%
Magic:  12/12      EV:  6    Int: 10    God:    Trog [****..]
Gold:   697        SH: 13    Dex: 12    Spells: 11/11 levels left

rFire    . . .     SeeInvis .   a - +0 war axe
rCold    + . .     Gourm    .   c - +0 shield
rNeg     + + .     Faith    .   w - +0 plate armour
rPois    ∞         Spirit   .   (no helmet)
rElec    +         Reflect  .   (no cloak)
rCorr    .         Harm     .   (no gloves)
MR       ++...                  e - +2 pair of boots
Stlth    ..........             (no amulet)
HPRegen  1.22/turn              x - ring of protection from cold
MPRegen  0.13/turn              D - ring of positive energy

@: berserk cooldown, regenerating, slowed, very slow
A: negative energy resistance 1, screaming 1, electricity resistance, strong 1,
unbreathing, petrification resistance, rot immunity, AC +8
a: Berserk, Trog's Hand, Brothers in Arms, Renounce Religion


You were on level 1 of the Orcish Mines.
You worshipped Trog.
Trog was greatly pleased with you.
You were very hungry.

You visited 3 branches of the dungeon, and saw 14 of its levels.

You collected 697 gold pieces.

Inventory:

Hand Weapons
 a - a +0 war axe (weapon)
 d - a +1 flail of protection
 o - a +0 blowgun
 q - a +2 whip of electrocution
 y - a +0 hand axe of venom
 E - a +3 battleaxe
 F - a +2 morningstar
Missiles
 b - 3 javelins (quivered)
 G - 6 exploding tomahawks
Armour
 c - a +0 shield (worn)
 e - a +2 pair of boots (worn)
 k - a +3 leather armour of cold resistance
 w - a +0 plate armour (worn)
 C - +0 acid dragon scales
 L - a +1 ring mail of poison resistance
Jewellery
 p - an uncursed ring of positive energy
 x - a ring of protection from cold (left hand)
 D - a ring of positive energy (right hand)
Wands
 s - a wand of digging (16)
 v - a wand of polymorph (8)
 N - a wand of clouds (4)
Scrolls
 i - 4 scrolls of enchant weapon
 j - a scroll of fear {unknown}
 l - 3 scrolls of teleportation
 n - a scroll of blinking {unknown}
 t - a scroll of torment {unknown}
 u - a scroll of amnesia {unknown}
 H - 5 scrolls of remove curse {@r2}
Potions
 g - 5 potions of brilliance
 h - 3 potions of lignification
 m - a potion of curing {@q1}
 r - 2 potions of mutation
 B - a potion of flight
 J - 2 potions of haste {unknown}
Comestibles
 f - 8 rations


   Skills:
 + Level 9.5 Fighting
 * Level 10.7 Axes
 + Level 9.6 Armour
 * Level 12.3 Shields


You had 11 spell levels left.
You didn't know any spells.
Your spell library contained the following spells:

 Spells                   Type           Power        Failure   Level  Hunger
 Confuse                  Hex            #.......     100%        3    ####...
 Spider Form              Tmut/Pois      #.........   100%        3    ####...
 Blade Hands              Tmut           #.........   100%        5    ######.
 Ice Form                 Ice/Tmut       #.......     100%        4    #####..
 Confusing Touch          Hex            #.....       100%        1    ##.....
 Sticks to Snakes         Tmut           #.......     100%        2    ###....
 Metabolic Englaciation   Hex/Ice        #.........   100%        5    ######.
 Petrify                  Tmut/Erth      #.......     100%        4    #####..
 Beastly Appendage        Tmut           #.....       100%        1    ##.....
 Gell's Gravitas          Tloc           #.........   100%        3    ####...
 Yara's Violent Unravell  Hex/Tmut       #.........   100%        5    ######.


Dungeon Overview and Level Annotations

Branches:
Dungeon (11/15)            Temple (1/1) D:4            Lair (0/6) D:9
    Orc (2/2) D:11
    Elf: Orc:2

Altars:
Ashenzari
Cheibriados
Fedhas
Gozag
Hepliaklqana
Makhleb
Okawaru
Trog
Vehumet
Wu Jian
Xom
Yredelemnul
Zin
The Shining One

Shops:
Orc:2 (

Annotations:
D:10 1 runed door


Innate Abilities, Weirdness & Mutations

You are resistant to torment.
Your stone body is resilient. (AC +8)
You are immune to poison.
You resist negative energy. (rN+)
You are resistant to electric shocks. (rElec)
You can survive without breathing.
You are immune to petrification.
You are immune to rotting.
You occasionally shout uncontrollably at your foes.
Your muscles are strong. (Str +2)


Message History

The troll is lightly wounded.
You barely miss the orc warrior. You hit the orc warrior.
The troll barely misses you. You block the troll's attack. x2
The orc warrior hits you with an enchanted battleaxe.
You block the orc warrior's attack. The troll bites you but does no damage.
The troll claws you! The troll barely misses you.
You closely miss the troll. You completely miss the orc warrior.
You hit the orc warrior but do no damage.
The orc warrior hits you with an enchanted battleaxe!
* * * LOW HITPOINT WARNING * * *
The orc warrior hits you with a battleaxe!
* * * LOW HITPOINT WARNING * * *
The troll bites you but does no damage. The troll claws you but does no damage.
You block the troll's attack.
As you read the scroll labeled MIEREO SIKEPS, it crumbles to dust.
You hear a loud clanging noise!
It was a scroll of noise.
The orc warrior barely misses you.
The orc warrior hits you but does no damage.
The troll bites you.
You die...

##.##)###...#.#.###.
#...#.#.#....$......
#..[[[............
#.<.(............#
##.............#.##
##[..............#
##$............#.#
#.....o.........###
##.....@T.#....#..##
#.....o[...........####
##.............#...#.#.##
#........................
#....................#...
#....##.............#....
##..#.###..#......##..[.)
#..............#.......)[
##.#...................#.


You could see a troll and 2 orc warriors.

Vanquished Creatures
  Erolcha (Orc:1)
  Fannar (Orc:1)
  4 two-headed ogres
  Nergalle (Orc:1)
  An orc high priest (Orc:1)
  Pikel (D:6)
  A centaur skeleton (D:11)
  Psyche (D:8)
  A gargoyle (D:10)
  A wind drake (D:11)
  A troll (D:10)
  Grinder (D:5)
  2 hippogriffs
  Sigmund (D:6)
  A shadow (D:11)
  A hungry ghost (D:8)
  6 wargs
  Edmund (D:4)
  2 water moccasins (D:10)
  5 soldier ants (D:10)
  13 orc warriors
  3 sky beasts
  2 black bears
  2 phantoms
  An ice beast (D:6)
  10 ogres
  6 centaurs
  A gnoll sergeant (D:5)
  6 bullfrogs
  8 killer bees (D:10)
  4 wights
  2 howler monkeys
  5 crimson imps
  A quasit (D:7)
  A centaur zombie (D:8)
  3 hounds
  A jelly (D:8)
  16 orc priests
  A bullfrog skeleton (D:7)
  Ijyb (D:4)
  11 orc wizards
  Natasha (D:5)
  3 iguanas
  9 worker ants
  A bullfrog simulacrum (D:11)
  A hound skeleton (D:9)
  4 worker ant zombies
  3 gnolls (D:5)
  14 adders
  2 shadow imps
  An ooze (D:4)
  An adder skeleton (D:4)
  3 leopard geckos
  66 orcs
  A bat (D:2)
  2 giant cockroaches
  2 goblins
  3 hobgoblins
  9 jackals
  3 quokkas
  2 frilled lizards
  A jackal zombie (D:5)
  A kobold (D:2)
  A leopard gecko zombie (D:6)
  3 rats
269 creatures vanquished.

Vanquished Creatures (collateral kills)
  An orc warrior (Orc:1)
  An ogre (Orc:1)
  An orc wizard (Orc:1)
  4 orc priests (Orc:1)
7 creatures vanquished.

Vanquished Creatures (others)
  A water moccasin (D:6)
  An ogre (D:6)
  A scorpion (D:6)
  An orc (Orc:1)
4 creatures vanquished.

Grand Total: 280 creatures vanquished

Notes
Turn   | Place    | Note
-------+----------+-------------------------------------------
     0 | D:1      | iamserjio the Gargoyle Fighter began the quest for the Orb.
     0 | D:1      | Reached XP level 1. HP: 14/14 MP: 1/1
    93 | D:2      | Reached XP level 2. HP: 17/19 MP: 2/2
   193 | D:2      | Reached XP level 3. HP: 16/23 MP: 3/3
   221 | D:3      | Reached XP level 4. HP: 20/29 MP: 4/4
   256 | D:3      | Found a radiant altar of Vehumet.
   265 | D:3      | Found a burning altar of Makhleb.
   274 | D:3      | Found a shattered altar of Ashenzari.
   307 | D:3      | Found a snail-covered altar of Cheibriados.
   390 | D:4      | Noticed Natasha
   405 | D:4      | Reached skill level 4 in Shields
   405 | D:4      | Reached XP level 5. HP: 19/33 MP: 5/5
   491 | D:4      | Noticed Edmund
   515 | D:4      | Killed Edmund
   515 | D:4      | Reached XP level 6. HP: 7/39 MP: 6/6
   659 | D:4      | Found a staircase to the Ecumenical Temple.
   672 | D:4      | Noticed Ijyb
   675 | Temple   | Entered the Ecumenical Temple
   724 | Temple   | Became a worshipper of Trog the Wrathful
   765 | D:4      | Killed Ijyb
   794 | D:4      | Reached XP level 7. HP: 24/44 MP: 7/7
   868 | D:5      | Entered Level 5 of the Dungeon
   924 | D:6      | Reached skill level 5 in Armour
   924 | D:6      | Reached skill level 5 in Shields
   941 | D:6      | Reached skill level 5 in Fighting
   986 | D:6      | Reached skill level 5 in Axes
   998 | D:6      | Noticed Pikel
  1051 | D:6      | Killed Pikel
  1051 | D:6      | Reached skill level 6 in Shields
  1051 | D:6      | Reached XP level 8. HP: 48/50 MP: 8/8
  1108 | D:6      | Noticed Sigmund
  1129 | D:6      | Killed Sigmund
  1146 | D:6      | Reached skill level 7 in Shields
  1193 | D:5      | Noticed Grinder
  1200 | D:5      | Gained mutation: You occasionally shout uncontrollably at your foes. [potion of mutation]
  1200 | D:5      | Gained mutation: Your muscles are strong. (Str +2) [potion of mutation]
  1206 | D:5      | Reached XP level 9. HP: 25/55 MP: 9/9
  1235 | D:5      | Paralysed by Grinder for 5 turns
  1252 | D:5      | Killed Grinder
  1357 | D:5      | Reached * piety under Trog
  1378 | D:5      | Killed Natasha
  1755 | D:7      | Reached skill level 8 in Shields
  1836 | D:7      | Reached ** piety under Trog
  1863 | D:7      | Found a hazy altar of Hepliaklqana.
  1869 | D:7      | Found a basalt altar of Yredelemnul.
  1897 | D:7      | Found an iron altar of Okawaru.
  2420 | D:9      | Reached skill level 9 in Shields
  2420 | D:9      | Reached XP level 10. HP: 54/63 MP: 10/10
  2469 | D:9      | Noticed a two-headed ogre
  2477 | D:9      | Killed a two-headed ogre
  2541 | D:9      | Found a staircase to the Lair.
  2563 | D:9      | Noticed a two-headed ogre
  2613 | D:9      | Killed a two-headed ogre
  2631 | D:9      | Reached skill level 10 in Shields
  2678 | D:10     | Entered Level 10 of the Dungeon
  2773 | D:9      | Noticed a two-headed ogre
  2782 | D:9      | Killed a two-headed ogre
  2838 | D:8      | Noticed Psyche
  2845 | D:8      | Killed Psyche
  2845 | D:8      | Reached *** piety under Trog
  2845 | D:8      | Reached XP level 11. HP: 68/68 MP: 11/11
  2918 | D:8      | Received a gift from Trog
  3284 | D:10     | Reached skill level 11 in Shields
  3327 | D:10     | Found a runed door.
  3329 | D:10     | Found a runed gate.
  3336 | D:10     | Found the +9 staff of Olgreb {rPois}
  3339 | D:10     | Found a runed door.
  3361 | D:10     | Found a runed gate.
  3372 | D:10     | Found a runed gate.
  3636 | D:11     | Reached **** piety under Trog
  3790 | D:11     | Reached skill level 10 in Axes
  3801 | D:11     | Found a staircase to the Orcish Mines.
  3829 | Orc:1    | Entered Level 1 of the Orcish Mines
  3830 | Orc:1    | Noticed Nergalle
  3853 | Orc:1    | Killed Nergalle
  3873 | Orc:1    | Noticed a two-headed ogre
  3969 | Orc:1    | Killed a two-headed ogre
  3999 | Orc:1    | Noticed Fannar
  4012 | Orc:1    | Killed Fannar
  4012 | Orc:1    | Reached XP level 12. HP: 76/76 MP: 12/12
  4029 | Orc:1    | Reached skill level 12 in Shields
  4093 | Orc:2    | Entered Level 2 of the Orcish Mines
  4093 | Orc:2    | Noticed an ettin
  4173 | Orc:1    | Noticed Erolcha
  4181 | Orc:1    | Killed Erolcha
  4219 | Orc:1    | HP: 3/76 [orc priest/divine providence (9)]
  4341 | Orc:2    | Found Dacoukov's Antique Weapon Shop.
  4341 | Orc:2    | Noticed an orc high priest
  4348 | Orc:1    | Killed an orc high priest
  4362 | Orc:1    | HP: 3/76 [orc warrior/battleaxe[an orc high priest] (15)]
  4363 | Orc:1    | Slain by a troll

Vault maps used:
D:1:      nicolae_arrival_somewhat_less_tricky_arrival
D:2:      lemuel_round_altar, old_standard_altar
D:3:      minmay_door_path, kennysheep_vampire_church,
          nicolae_dithmenos_shadow_blocks, nicolae_overflow_quartered_altars,
          first_ration, grunt_decor_cap
D:4:      minmay_temple_entry_statues_pillars, nicolae_zen_rock_garden,
          uniq_ijyb, uniq_natasha, uniq_edmund
D:5:      abandoned_shop, hangedman_decor_clover_reticule, uniq_grinder
D:6:      minmay_tree_intersection, uniq_sigmund, uniq_pikel,
          uniq_crazy_yiuf_cottage
D:7:      lemuel_crystal_altar, okawaru_trees_2, kennysheep_mini, the_bakery,
          grunt_ministairs_15
D:8:      kennysheep_spiral_hall, uniq_psyche, uniq_maurice
D:9:      erik_lair_orcish_takeover
D:10:     minmay_guarded_unrand_staff_of_olgreb
D:11:     erik_orc_4, minmay_misc_feat_pillars, grunt_ministairs_3
Temple:   jpeg_temple_clearing
Orc:1:    uniq_fannar, uniq_erolcha, uniq_nergalle
Orc:2:    grunt_orc_gardens, grunt_orc_garden, grunt_orc_garden,
          grunt_orc_garden, grunt_orc_garden, bloody_makhleb

Skill      XL: |  1  2  3  4  5  6  7  8  9 10 11 12 |
---------------+-------------------------------------+-----
Axes           | 2 3 4 5 6 7 9 10 | 10.7
Armour         | 4 5 6 7 8 9 |  9.6
Shields        | 4 6 7 9 10 11 12 | 12.3
Fighting       | 4 5 6 7 8 9 |  9.5

Action                   |  1- 3 |  4- 6 |  7- 9 | 10-12 || total
-------------------------+-------+-------+-------+-------++-------
Melee: War axe           |    63 |   113 |   211 |   674 ||  1061
       Flail             |       |    17 |   244 |     3 ||   264
       Unarmed           |       |       |     1 |       ||     1
       Whip              |       |       |       |    57 ||    57
       Morningstar       |       |       |       |    27 ||    27
Invok: Berserk           |       |       |       |    13 ||    13
       Trog's Hand       |       |       |       |    16 ||    16
Evoke: Wand              |       |       |       |     2 ||     2
  Use: Scroll            |       |     4 |     3 |    10 ||    17
       Potion            |       |     1 |     3 |     5 ||     9
 Stab: Distracted        |       |       |       |     1 ||     1
  Eat: Chunk             |       |       |     7 |    21 ||    28
       Ration            |       |       |       |     2 ||     2
Armor: Scale mail        |    43 |    88 |       |       ||   131
       Chain mail        |       |    24 |   164 |       ||   188
       Plate armour      |       |       |   165 |   530 ||   695
Dodge: Dodged            |    33 |    47 |   108 |   179 ||   367
Block: Shield            |    50 |   106 |   296 |   518 ||   970

Table legend:
 A = Spawn XP
 B = Non-spawn XP
 C = Spawn XP percentage of total XP
 D = Spawn monster count
 E = Non-spawn monster count
 F = Spawn count percentage of total count
 G = Total turns spent on level
                    A         B        C        D         E        F      G
               +---------+---------+-------+---------+---------+-------+---------
         Total |       0 |   22457 |   0.0 |       0 |     276 |   0.0 |  4363
               +---------+---------+-------+---------+---------+-------+---------
           D:1 |       0 |       2 |   0.0 |       0 |       1 |   0.0 |    51
           D:2 |       0 |      53 |   0.0 |       0 |      11 |   0.0 |   153
           D:3 |       0 |      94 |   0.0 |       0 |      14 |   0.0 |   165
           D:4 |       0 |     547 |   0.0 |       0 |      21 |   0.0 |   454
           D:5 |       0 |     696 |   0.0 |       0 |      13 |   0.0 |   350
           D:6 |       0 |    1587 |   0.0 |       0 |      12 |   0.0 |   362
           D:7 |       0 |     955 |   0.0 |       0 |      24 |   0.0 |   398
           D:8 |       0 |    1552 |   0.0 |       0 |      19 |   0.0 |   504
           D:9 |       0 |    4352 |   0.0 |       0 |      37 |   0.0 |   552
          D:10 |       0 |    3299 |   0.0 |       0 |      39 |   0.0 |   450
          D:11 |       0 |    2440 |   0.0 |       0 |      39 |   0.0 |   398
         Orc:1 |       0 |    6595 |   0.0 |       0 |      42 |   0.0 |   427
         Orc:2 |       0 |     285 |   0.0 |       0 |       4 |   0.0 |    32
               +---------+---------+-------+---------+---------+-------+---------
